 Dungeon Crawl Stone Soup version 0.28-a0-957-g42eb19b844 (console) character file.

Game seed: 7628330550684352169

4 petzl the Vexing (level 1, 0/13 HPs)
             Began as an Octopode Arcane Marksman on Dec 1, 2021.
             Slain by a rat (3 damage)
             ... on level 1 of the Dungeon.
             The game lasted 00:00:26 (121 turns).

petzl the Vexing (Octopode Arcane Marksman)          Turns: 121, Time: 00:00:28

Health: 0/13       AC:  1    Str:  9    XL:     1   Next: 60%
Magic:  2/2        EV: 13    Int: 15    God:
Gold:   21         SH:  0    Dex: 12    Spells: 1/2 levels left

rFire   . . .      SeeInvis .   a - +0 hand crossbow
rCold   . . .      Faith    .   (no shield)
rNeg    . . .      Spirit   .   (helmet restricted)
rPois   .          Reflect  .   (no amulet)
rElec   .          Harm     .   (no ring)
rCorr   .          Rampage  .   (no ring)
Will    .....                   (no ring)
Stlth   ++........              (no ring)
HPRegen 0.04/turn               (no ring)
MPRegen 0.08/turn               (no ring)
                                (no ring)
                                (no ring)

@: no status effects
A: almost no armour, amphibious, 8 rings, camouflage 1, gelatinous body 1,
(nimble swimmer 1), tentacles
a: no special abilities


You were on level 1 of the Dungeon.
You visited 1 branch of the dungeon, and saw 1 of its levels.

You collected 21 gold pieces.

Inventory:

Hand Weapons
 a - a +0 hand crossbow (weapon)
Missiles
 c - 32 bolts (quivered ammo)
Potions
 b - a potion of degeneration {unknown}


   Skills:
 + Level 1.1 Fighting
 + Level 2.0 Crossbows
 + Level 2.0 Dodging
 + Level 0.4 Stealth
 + Level 1.1 Spellcasting
 - Level 3.0 Hexes


You had one spell level left.
You knew the following spells:

 Your Spells              Type           Power      Damage    Failure   Level
a - Slow                  Hex            36%        N/A       7%          1

Your spell library contained the following spells:

 Spells                   Type           Power      Damage    Failure   Level
 Inner Flame              Hex/Fire       5%         N/A       36%         3
 Portal Projectile        Hex/Tloc       10%        N/A       36%         3
 Cause Fear               Hex            4%         N/A       56%         4


Dungeon Overview and Level Annotations

Branches:
Dungeon (1/15)

Altars:


Innate Abilities, Weirdness & Mutations

You cannot wear most types of armour.
You are amphibious.
You can wear up to eight rings at the same time.
Your skin changes colour to match your surroundings (Stealth+).
Your rubbery body absorbs attacks. (AC +1, EV +1)
((You are camouflaged near water. (Stealth+)))
You have tentacles for arms and can constrict up to eight enemies at once.


Message History

An endoplasm comes into view.
There are monsters nearby!
There are monsters nearby!
There are monsters nearby!
There are monsters nearby!
There are monsters nearby!
You shoot a bolt. The bolt closely misses the hobgoblin.
The hobgoblin barely misses you. x2
You shoot a bolt. The bolt hits the hobgoblin.
The hobgoblin is almost dead.
The hobgoblin barely misses you.
You shoot a bolt. The bolt closely misses the hobgoblin.
The hobgoblin hits you. x2
You are too injured to fight recklessly!
You are too injured to fight recklessly!
You are too injured to fight recklessly!
You are too injured to fight recklessly!
You are too injured to fight recklessly!
The endoplasm misses you.
A rat comes into view.
You are too injured to fight recklessly!
You are too injured to fight recklessly!
You are too injured to fight recklessly!
You are too injured to fight recklessly!
Fire: 35 bolts
Press: ? - help, Q - select action, (/) - cycle Shift-Dir - straight line, f/p - hobgoblin
Aim: a hobgoblin (almost dead, 62% to hit)
You shoot a bolt. The bolt hits the endoplasm!
You kill the endoplasm!
Fire: 34 bolts
Press: ? - help, Q - select action, (/) - cycle Shift-Dir - straight line, f/p - hobgoblin
Aim: a hobgoblin (almost dead, 62% to hit)
You shoot a bolt. The bolt closely misses the hobgoblin.
The hobgoblin hits you.
* * * LOW HITPOINT WARNING * * *
Fire: 33 bolts
Press: ? - help, Q - select action, (/) - cycle Shift-Dir - straight line, f/p - hobgoblin
Aim: a hobgoblin (almost dead, 62% to hit)
You shoot a bolt. The bolt hits the hobgoblin.
You kill the hobgoblin!
The rat closely misses you. The rat bites you.
You die...

# ##..................)#.#........#
#.##..###....##........#...#.......#
#.....# #.#.......#######.#######..#
####..###.#####...#≈≈#.......#≈≈# .#
#......# #...#≈#.........#≈# #
#...#### #...##...........## #..†#
#...#.............#
#...########..##.............#
#............#.#.............#
#.#.######..#.........<.........
#.#.# ##..#.#.............#.# #.#.#
##..##......)......##.. #.#.#
#...#.............# .. #.#
#...##...........## #.#
#...#≈#.........#≈# #.# #...#
≈#.......#≈≈# #...#######.######
.#.########........#...#
......r@(...........#.#
##.###############..(# #.#.......
#.##.?#... #.# #.# # #.. ..# ### ##


You could see a rat.

Vanquished Creatures
  2 endoplasms (D:1)
  A hobgoblin (D:1)
  A bat (D:1)
  A frilled lizard (D:1)
5 creatures vanquished.

Notes
Turn   | Place    | Note
-------+----------+-------------------------------------------
     0 | D:1      | petzl the Octopode Arcane Marksman began the quest for the
                  | Orb.
     0 | D:1      | Reached XP level 1. HP: 13/13 MP: 2/2
   121 | D:1      | Slain by a rat

Illustrated notes

Levels and vault maps discovered:
D:1:      psy_arrival_dodecagon, layout_loops_ring,
          dreamdust_ecumenical_altar_drowned_temple

Action                   || total
-------------------------++-------
 Fire: Hand crossbow     ||    13
Armor: Skin              ||     1
Dodge: Dodged            ||     9

Table legend: (Time is in decaauts)
 A = Elapsed time spent in this place.
 B = Non-inter-level travel time spent in this place.
 C = Inter-level travel time spent in this place.
 D = Time resting spent in this place.
 E = Time spent auto-exploring this place.
 F = Levels seen in this place.
 G = Mean time per level.
                   A        B        C        D        E       F      G
               +--------+--------+--------+--------+--------+-----+--------+
         Total |    125 |    125 |      0 |      0 |     87 |   1 |  125.0 |
       Dungeon |    125 |    125 |      0 |      0 |     87 |   1 |  125.0 |
               +--------+--------+--------+--------+--------+-----+--------+

Top non-repeatable levels by time:
     D:1: 125 daAuts
